[Event "Swedish Championship O65 2022"]
[Site "Uppsala"]
[Date "2022.07.02"]
[Round "1.1"]
[White "Larsson, Per-Olov"]
[Black "Bellon Lopez, Juan Manuel"]
[Result "0-1"]
[ECO "B22"]
[WhiteElo "1955"]
[BlackElo "2330"]
[Annotator "TA"]
[PlyCount "104"]
[EventDate "2022.07.01"]
[EventType "tourn"]
[EventCountry "SWE"]
[SourceTitle "playchess.com"]
[Source "ChessBase"]
[SourceQuality "1"]
[TimeControl "40/5400+30:1800+30"]

1. e4 c5 2. c3 b6 3. d4 Bb7 4. Bd3 Nf6 5. Nd2 cxd4 6. cxd4 Nc6 7. Ngf3 Nb4 8. Bb1 Ba6 {[%emt 0:00:06] B22: Sicilian: 2 c3.} 9. e5 {[%emt 0:06:41] [#]} Ng8 $146 ({Predecessor:} 9... Nfd5 10. Ne4 Qc7 11. a3 Nc6 12. b4 e6 13. Bd2 Bc4 14. Qc2 b5 15. Ba2 a5 16. Bxc4 bxc4 {½-½ (47) Sedykh,M (2143)-Pitcher,J (2231) London 2017}) 10. Ne4 {[%emt 0:05:02] Neg5 is the strong threat.} e6 {[%emt 0:00:17] White is slightly better.} 11. a3 Nd5 12. Bd3 Bxd3 13. Qxd3 f5 14. Nc3 {[%emt 0:03:08] Black must now prevent Nxd5.} Nxc3 15. bxc3 Qc7 16. O-O Rc8 {[%emt 0:00:10] [#]} (16... Ne7 $1 $14) 17. Bb2 (17. d5 $1 $16) 17... Qc4 18. Qxc4 Rxc4 19. Nd2 Ra4 20. f4 (20. c4 $11 {keeps the balance.}) 20... Ne7 $17 21. Rf3 Nc6 22. Nb3 Be7 23. Rc1 O-O 24. c4 Na5 ({Don't do} 24... Bxa3 25. Ra1 $16) 25. Nxa5 Rxa5 26. Rfc3 Rc8 27. Kf2 Kf7 28. Kf3 Ra4 29. Ke3 g5 30. g3 Rg8 31. Kf3 h5 32. Rd1 h4 33. Kf2 h3 {[%emt 0:09:36] And now ...gxf4 would win.} 34. fxg5 {[%emt 0:02:51] [#]} Rc8 $1 ({But not} 34... Rxg5 $6 35. c5 $11) (34... Bxg5 $6 35. Ke2 $11) 35. Rdc1 Bxg5 36. R1c2 Be7 (36... b5 $15 {deserves consideration.} 37. cxb5 Rxc3 38. Bxc3 Rxa3) 37. Ke3 (37. g4 $11) 37... d6 {[%emt 0:00:10] Black keeps a firm grip on the game.} 38. exd6 Bxd6 39. Kd3 e5 {[%emt 0:05:03] Black is more active.} 40. dxe5 Bxe5 41. Rb3 Bxb2 42. Rbxb2 (42. Rcxb2 $17 Raxc4 43. Kd2) 42... Rxa3+ $19 {[%emt 0:00:00][%mdl 4096] Endgame KRR-KRR} 43. Kd4 $2 (43. Rc3 Ra4 44. Kd4) 43... Kf6 44. Rb5 Rd8+ 45. Rd5 Rxd5+ 46. Kxd5 {[%emt 0:00:00] KR-KR} Ra5+ 47. Kd4 Ke6 48. Re2+ Kd6 49. Rd2 Ra1 50. Ke3+ (50. Rf2 $142) 50... Kc5 {[%emt 0:00:00] Black is clearly winning.} 51. Rd5+ Kxc4 52. Rxf5 b5 {[%emt 0:00:00] Weighted Error Value: White=0.34/Black=0.11 (very precise)} 0-1

[Event "Swedish Championship O65 2022"]
[Site "Uppsala"]
[Date "2022.07.02"]
[Round "1.2"]
[White "Jansson, Borje"]
[Black "Ekelund, Kurt"]
[Result "0-1"]
[ECO "B30"]
[WhiteElo "2230"]
[BlackElo "1939"]
[Annotator "TA"]
[PlyCount "56"]
[EventDate "2022.07.01"]
[EventType "tourn"]
[EventCountry "SWE"]
[SourceTitle "playchess.com"]
[Source "ChessBase"]
[SourceQuality "1"]
[TimeControl "40/5400+30:1800+30"]

1. e4 c5 2. Nf3 Nc6 3. Bb5 e5 4. O-O Bd6 5. Re1 Nf6 {[%emt 0:03:49] [#]} 6. Bf1 $146 {[%emt 0:00:30] B30: Sicilian: 2...Nc6 3 Bb5, lines without ...g6.} (6. c3 $14) ({Predecessor:} 6. c3 a6 7. Bf1 Bc7 8. d4 cxd4 9. cxd4 d6 10. h3 h6 11. Nc3 O-O 12. Be3 {½-½ (37) Garcia Gimenez,S (2185)-Guerra Rivera,S (2289) Salobrena 2020}) 6... Be7 7. d3 O-O 8. Nbd2 {[%emt 0:01:56] The position is equal.} d5 9. exd5 Qxd5 10. g3 Bg4 11. Bg2 Qd7 12. Nc4 Bd6 13. c3 (13. h3 $14 {is superior.} Be6 14. Nfxe5 (14. Ncxe5 Nxe5 15. Nxe5 Bxe5 $14) 14... Nxe5 15. Nxe5 Bxe5 16. Rxe5) 13... Bc7 (13... Rae8 $11) 14. Bg5 $14 Nd5 15. Ne3 (15. Qb3 $1 $14) 15... Nxe3 $11 16. Bxe3 b6 17. Qa4 Rad8 (17... Rac8 $142) 18. Nd2 Na5 (18... Ne7 $11 19. Qxa7 Nc8) 19. Qxd7 $18 Bxd7 20. d4 (20. b4 $16) 20... exd4 $11 21. cxd4 cxd4 22. Bxd4 Bc6 23. Bc3 Bxg2 24. Kxg2 Nc6 25. Rac1 Be5 26. Nc4 (26. Bxe5 $14 {deserves consideration.} Nxe5 27. Rxe5 Rxd2 28. Rc7) 26... Bxc3 27. Rxc3 Nb4 28. Re7 $2 {[%emt 0:01:22] [#]} (28. a3 $11 {and White stays safe.} Nd5 29. Rc2) 28... Nd5 {[%emt 0:00:09] Black used his chance.  Weighted Error Value: White=0.44/Black=0.25 (precise)} 0-1

[Event "Swedish Championship O65 2022"]
[Site "Uppsala"]
[Date "2022.07.02"]
[Round "1.3"]
[White "Nylund, Seved"]
[Black "Bergstrom, Rolf"]
[Result "0-1"]
[ECO "C41"]
[WhiteElo "1909"]
[BlackElo "2202"]
[Annotator "RC"]
[PlyCount "84"]
[EventDate "2022.07.01"]
[EventType "tourn"]
[EventCountry "SWE"]
[SourceTitle "playchess.com"]
[Source "ChessBase"]
[SourceQuality "1"]
[TimeControl "40/5400+30:1800+30"]

1. e4 d6 2. d4 Nf6 3. Nc3 Nbd7 4. Bg5 e5 5. Nf3 Be7 6. Qd2 c6 7. Be2 Qc7 8. O-O b5 9. a3 a6 10. Rfe1 O-O 11. Bf1 Re8 12. Rad1 Bf8 13. dxe5 dxe5 14. h3 h6 15. Bh4 Nh5 16. g4 Nf4 17. Bg3 g5 18. h4 Nc5 19. Nh2 Nce6 20. h5 Nd4 21. f3 Be6 22. Bd3 Rad8 23. Kh1 Bc5 24. Bxf4 gxf4 25. Qg2 Be7 26. Ne2 Nxe2 27. Rxe2 Rd7 28. Red2 Red8 29. Bf1 Qa7 30. Rxd7 Rxd7 31. Rxd7 Qxd7 32. Bd3 Qd4 33. b3 Qa1+ 34. Nf1 Qxa3 35. Nd2 Qa1+ 36. Kh2 Qd4 37. Qe2 a5 38. c4 Bc5 39. Qg2 f6 40. Qf1 Qe3 41. Nb1 b4 42. Kh3 Kf7 0-1

[Event "Swedish Championship O65 2022"]
[Site "Uppsala"]
[Date "2022.07.02"]
[Round "1.4"]
[White "Marttala, Thomas"]
[Black "Hartzell, Ove"]
[Result "1-0"]
[ECO "A37"]
[WhiteElo "2164"]
[BlackElo "1903"]
[Annotator "RC"]
[PlyCount "43"]
[EventDate "2022.07.01"]
[EventType "tourn"]
[EventCountry "SWE"]
[SourceTitle "playchess.com"]
[Source "ChessBase"]
[SourceQuality "1"]
[TimeControl "40/5400+30:1800+30"]

1. c4 c5 2. g3 g6 3. Nc3 Bg7 4. Bg2 Nc6 5. Nf3 d6 6. O-O e5 7. d3 Nge7 8. Rb1 O-O 9. a3 Rb8 10. b4 h6 11. b5 Nd4 12. Nd2 Ne6 13. Nd5 Nc7 14. Qb3 b6 15. Bb2 Nf5 16. e3 Re8 17. a4 Bd7 18. Bc3 g5 19. Qb2 h5 20. Rbe1 g4 21. f4 Nxd5 22. Bxd5 1-0

[Event "Swedish Championship O65 2022"]
[Site "Uppsala"]
[Date "2022.07.03"]
[Round "2.1"]
[White "Bellon Lopez, Juan Manuel"]
[Black "Franzen Hogberg, Thomas"]
[Result "1-0"]
[ECO "A81"]
[WhiteElo "2330"]
[BlackElo "1997"]
[Annotator "ChessBase"]
[PlyCount "77"]
[EventDate "2022.07.01"]
[EventType "tourn"]
[EventCountry "SWE"]
[SourceTitle "playchess.com"]
[Source "ChessBase"]
[SourceQuality "1"]
[TimeControl "40/5400+30:1800+30"]

1. d4 f5 2. g3 Nf6 3. Bg2 g6 4. Nf3 Bg7 5. O-O O-O 6. b3 d6 7. Bb2 Na6 8. Nbd2 c6 9. Re1 Ne4 10. e3 Qc7 11. Rc1 Nac5 12. Ba1 Nxd2 13. Nxd2 Nd7 14. a4 e5 15. dxe5 Nxe5 16. f4 Ng4 17. Bxg7 Qxg7 18. Bf3 Nf6 19. Nc4 d5 20. Ne5 Nd7 21. Nxd7 Bxd7 22. c4 dxc4 23. Rxc4 Rad8 24. Rd4 Qe7 25. Re2 Bc8 26. Kf2 c5 27. Bd5+ Kg7 28. Rd3 b6 29. Red2 Rfe8 30. Bc6 Rxd3 31. Rxd3 Rf8 32. Bd7 Kh6 33. Bxc8 Rxc8 34. Rd7 Qf6 35. Qd2 Qc6 36. g4 fxg4 37. e4 Qxe4 38. f5+ g5 39. Qd6+ 1-0

[Event "Swedish Championship O65 2022"]
[Site "Uppsala"]
[Date "2022.07.03"]
[Round "2.2"]
[White "Bergstrom, Rolf"]
[Black "Alquist, Erik"]
[Result "1-0"]
[ECO "B22"]
[WhiteElo "2202"]
[BlackElo "1968"]
[Annotator "RC"]
[PlyCount "95"]
[EventDate "2022.07.01"]
[EventType "tourn"]
[EventCountry "SWE"]
[SourceTitle "playchess.com"]
[Source "ChessBase"]
[SourceQuality "1"]
[TimeControl "40/5400+30:1800+30"]

1. e4 c5 2. c3 Nf6 3. e5 Nd5 4. Nf3 e6 5. d4 cxd4 6. cxd4 d6 7. Bc4 Be7 8. O-O O-O 9. Qe2 b6 10. Rd1 Bb7 11. Bxd5 Bxd5 12. Nc3 Bxf3 13. Qxf3 d5 14. Qg4 Re8 15. Bh6 g6 16. Rd3 Nd7 17. Re1 a6 18. Ne2 Rc8 19. Nf4 Bf8 20. Bxf8 Rxf8 21. h4 Kh8 22. h5 g5 23. Nh3 Rg8 24. Rc3 Rxc3 25. bxc3 b5 26. Re3 h6 27. f4 f5 28. exf6 Nxf6 29. Qe2 Ne4 30. fxg5 hxg5 31. Nf2 Nxf2 32. Qxf2 Qe7 33. Qe2 Re8 34. Re5 Kg7 35. Qd3 Qf6 36. Qe2 Qe7 37. g3 Kh6 38. Kg2 Kg7 39. Kh3 Qf6 40. Kg4 Kf7 41. Rxg5 Rc8 42. Qd3 Ke7 43. Qh7+ Kd6 44. Qg7 Rf8 45. Qxf6 Rxf6 46. Rg7 Rf2 47. h6 Rxa2 48. Rg5 1-0

[Event "Swedish Championship O65 2022"]
[Site "Uppsala"]
[Date "2022.07.03"]
[Round "2.3"]
[White "Westin, Ake"]
[Black "Marttala, Thomas"]
[Result "1/2-1/2"]
[ECO "B25"]
[WhiteElo "1994"]
[BlackElo "2164"]
[Annotator "RC"]
[PlyCount "82"]
[EventDate "2022.07.01"]
[EventType "tourn"]
[EventCountry "SWE"]
[SourceTitle "playchess.com"]
[Source "ChessBase"]
[SourceQuality "1"]
[TimeControl "40/5400+30:1800+30"]

1. e4 c5 2. Nc3 Nc6 3. f4 g6 4. Nf3 Bg7 5. g3 d6 6. Bg2 Nf6 7. O-O O-O 8. d3 Rb8 9. h3 Ne8 10. Ne2 Nc7 11. c3 f5 12. exf5 gxf5 13. d4 cxd4 14. cxd4 e6 15. Nc3 Ne7 16. Ne1 Bd7 17. Nc2 Bc6 18. Ne3 Bxg2 19. Kxg2 d5 20. Nc2 Nc6 21. Be3 Ne8 22. Bf2 Nd6 23. Qe2 Qd7 24. Rfe1 Rbe8 25. Rad1 Kh8 26. Kh2 Qf7 27. Rg1 Rg8 28. Ne1 Ne4 29. Nf3 Rc8 30. Be3 Bf6 31. Ne5 Bxe5 32. fxe5 Ne7 33. Qd3 Nxg3 34. Rxg3 Rxg3 35. Kxg3 f4+ 36. Kh2 fxe3 37. Qxe3 Nf5 38. Qf4 Rg8 39. Rg1 Rxg1 40. Kxg1 Qg6+ 41. Kh2 Kg7 1/2-1/2

[Event "Swedish Championship O65 2022"]
[Site "Uppsala"]
[Date "2022.07.03"]
[Round "2.4"]
[White "Lagerborg, Krister"]
[Black "Bytar, Peter"]
[Result "1-0"]
[ECO "E88"]
[WhiteElo "2138"]
[BlackElo "1856"]
[Annotator "RC"]
[PlyCount "121"]
[EventDate "2022.07.01"]
[EventType "tourn"]
[EventCountry "SWE"]
[SourceTitle "playchess.com"]
[Source "ChessBase"]
[SourceQuality "1"]
[TimeControl "40/5400+30:1800+30"]

1. d4 g6 2. c4 Bg7 3. Nc3 Nf6 4. e4 d6 5. f3 O-O 6. Be3 c6 7. Bd3 e5 8. d5 Nh5 9. Nge2 f5 10. Qd2 f4 11. Bf2 c5 12. a3 Na6 13. Nb5 Nc7 14. b4 b6 15. bxc5 bxc5 16. Nec3 a6 17. Nxc7 Qxc7 18. O-O Bd7 19. Rfb1 Rab8 20. Qa2 Nf6 21. Rxb8 Rxb8 22. Rb1 Rb6 23. Be1 Qb7 24. Rxb6 Qxb6 25. Bc2 Bf8 26. Qb1 Qxb1 27. Nxb1 Be7 28. Ba5 Kf7 29. Kf2 Ne8 30. Ke2 Bh4 31. Bb6 h5 32. a4 Ke7 33. a5 g5 34. Nc3 g4 35. Na4 gxf3+ 36. gxf3 Nf6 37. Nxc5 dxc5 38. Bxc5+ Kd8 39. Bd6 Bh3 40. Bxe5 Bg5 41. Bd4 Bh4 42. e5 Ng4 43. fxg4 hxg4 44. Bb6+ Ke8 45. Bf2 g3 46. hxg3 fxg3 47. Bg1 Bg4+ 48. Ke3 Bg5+ 49. Kd4 Bd2 50. Bg6+ Kf8 51. e6 Be1 52. Ke3 Ke7 53. Bd3 Bd1 54. Kf4 Bxa5 55. Bc5+ Kf6 56. Bd4+ Ke7 57. Kxg3 Be1+ 58. Kf4 a5 59. Kf5 Bb4 60. c5 a4 61. d6+ 1-0

[Event "Swedish Championship O65 2022"]
[Site "Uppsala"]
[Date "2022.07.04"]
[Round "3.1"]
[White "Soderberg, Per"]
[Black "Bellon Lopez, Juan Manuel"]
[Result "1-0"]
[ECO "B31"]
[WhiteElo "2111"]
[BlackElo "2330"]
[Annotator "TA"]
[PlyCount "48"]
[EventDate "2022.07.01"]
[EventType "tourn"]
[EventCountry "SWE"]
[SourceTitle "playchess.com"]
[Source "ChessBase"]
[SourceQuality "1"]
[TimeControl "40/5400+30:1800+30"]

1. e4 c5 2. Nf3 Nc6 3. Bb5 g6 4. O-O Bg7 5. c3 Nf6 6. Re1 O-O 7. d4 d5 8. e5 Ne4 9. h3 cxd4 10. cxd4 f6 {[%emt 0:00:13][%cal Rf6e5] B31: Sicilian: 2...Nc6 3 Bb5 g6.} 11. Nc3 fxe5 12. Nxe4 (12. dxe5 $5 Nxc3 13. bxc3 $11) 12... dxe4 {[%emt 0:00:09] [#] The position is equal.} 13. Qb3+ $146 ({Predecessor:} 13. Bc4+ Kh8 14. Ng5 Nxd4 15. Be3 Qe8 16. Bxd4 exd4 17. Qb3 e6 18. Rxe4 Qe7 19. f4 {1-0 (33) Dehen,L-Wernitz,A Germany West 1978}) 13... Kh8 (13... e6 $1 $11 14. Rxe4 Qd5 15. Qxd5 exd5 16. Bxc6 bxc6 17. Rxe5 Rxf3 18. gxf3 Bxe5 19. dxe5 c5) 14. Bxc6 $14 exf3 15. Bxf3 exd4 16. Bg5 $36 {[%emt 0:01:57][%mdl 2048] Keeping Black busy.} Bf6 17. Qb5 {[%emt 0:06:41] 0x0.001b6a5e195adp-1022s more active pieces.} (17. Bxf6+ $16 Rxf6 18. Rad1) 17... e6 (17... Qb6 $11 18. Bxf6+ exf6 19. Qxb6 axb6) 18. Bxf6+ $1 $16 Qxf6 {[%emt 0:00:06] [#]} 19. Rad1 $1 Rd8 20. Re4 (20. Qc5 $16) 20... a5 21. Qc4 (21. Qc5 $16) 21... b5 {[%emt 0:10:19] [#]} (21... e5 $11 {remains equal.}) 22. Rexd4 ({White should play} 22. Qc7 $1) 22... Rf8 $2 23. Qc7 $18 Ba6 24. Bxa8 Qd8 {[%emt 0:01:01] Weighted Error Value: White=0.21 (precise) /Black=0.98} 1-0

[Event "Swedish Championship O65 2022"]
[Site "Uppsala"]
[Date "2022.07.04"]
[Round "3.2"]
[White "Dolata, Henryk"]
[Black "Bergstrom, Rolf"]
[Result "1-0"]
[ECO "B07"]
[WhiteElo "2055"]
[BlackElo "2202"]
[Annotator "RC"]
[PlyCount "109"]
[EventDate "2022.07.01"]
[EventType "tourn"]
[EventCountry "SWE"]
[SourceTitle "playchess.com"]
[Source "ChessBase"]
[SourceQuality "1"]
[TimeControl "40/5400+30:1800+30"]

1. e4 d6 2. d4 Nf6 3. Nc3 Nbd7 4. g3 e5 5. Nge2 Be7 6. Bg2 c6 7. O-O h5 8. h3 b5 9. d5 Qc7 10. dxc6 Qxc6 11. Nd5 Nxd5 12. exd5 Qc7 13. Be3 h4 14. f4 hxg3 15. Nxg3 exf4 16. Bxf4 Nf6 17. Qe2 Kf8 18. Qxb5 Rb8 19. Qc6 Qd8 20. b3 Bb7 21. Qc4 Qb6+ 22. Rf2 Rc8 23. Qd3 Rh4 24. Be3 Qc7 25. c4 Re8 26. Nf5 Rh5 27. Bd4 Bc8 28. Nxe7 Qxe7 29. Bxf6 gxf6 30. Raf1 f5 31. Qd4 Kg8 32. Rf3 Rg5 33. b4 Qe2 34. R3f2 Qh5 35. Kh2 Kh7 36. Bf3 Qh6 37. Rg2 Rxg2+ 38. Bxg2 Re2 39. Rf2 Re3 40. Qf4 Rc3 41. Qd4 Qg7 42. Qxg7+ Kxg7 43. Bf1 Kf6 44. a4 Ke5 45. Re2+ Kf6 46. Re8 Bd7 47. Rd8 Bxa4 48. Rxd6+ Ke5 49. Ra6 Rc2+ 50. Kg1 Bb3 51. Rxa7 Rc1 52. Rc7 Bc2 53. Kf2 Kf4 54. d6 Be4 55. Re7 1-0

[Event "Swedish Championship O65 2022"]
[Site "Uppsala"]
[Date "2022.07.04"]
[Round "3.3"]
[White "Gillefalk, Bjorn"]
[Black "Lagerborg, Krister"]
[Result "1-0"]
[ECO "B84"]
[WhiteElo "2047"]
[BlackElo "2138"]
[Annotator "NA RC"]
[PlyCount "71"]
[EventDate "2022.07.01"]
[EventType "tourn"]
[EventCountry "SWE"]
[SourceTitle "playchess.com"]
[Source "ChessBase"]
[SourceQuality "1"]
[TimeControl "40/5400+30:1800+30"]

1. Nf3 d6 2. e4 c5 3. d4 cxd4 4. Nxd4 Nf6 5. Nc3 a6 6. Be2 e6 7. O-O Nbd7 8. f4 b5 9. Bf3 e5 10. Nf5 g6 11. Nxd6+ Bxd6 12. Qxd6 Qb6+ 13. Qxb6 Nxb6 14. fxe5 Nfd7 15. Bh6 Nxe5 16. Bg7 Nxf3+ 17. Rxf3 Rg8 18. Bd4 Nd7 19. Nd5 Rb8 20. Raf1 f5 21. exf5 Bb7 22. Re3+ Kd8 23. Bf6+ Nxf6 24. Nxf6 Rg7 25. Rd1+ Kc8 26. fxg6 Bc6 27. Rc3 Kb7 28. Rd6 Bxg2 29. Kxg2 Rxg6+ 30. Kf2 Rf8 31. Rcc6 a5 32. Ke3 Rh6 33. Rb6+ Kc8 34. Rdc6+ Kd8 35. Rb8+ Ke7 36. Rb7+ 1-0

[Event "Swedish Championship O65 2022"]
[Site "Uppsala"]
[Date "2022.07.04"]
[Round "3.4"]
[White "Marttala, Thomas"]
[Black "Malmdin, Nils-Ake"]
[Result "1/2-1/2"]
[ECO "B07"]
[WhiteElo "2164"]
[BlackElo "2124"]
[Annotator "RC"]
[PlyCount "26"]
[EventDate "2022.07.01"]
[EventType "tourn"]
[EventCountry "SWE"]
[SourceTitle "playchess.com"]
[Source "ChessBase"]
[SourceQuality "1"]
[TimeControl "40/5400+30:1800+30"]

1. e4 g6 2. d4 Bg7 3. Nf3 d6 4. Be2 Nf6 5. Nbd2 O-O 6. O-O Nc6 7. c3 e5 8. dxe5 dxe5 9. b4 a6 10. a4 Nh5 11. b5 axb5 12. Bxb5 Qf6 13. Qc2 Bg4 1/2-1/2

[Event "Swedish Championship O65 2022"]
[Site "Uppsala"]
[Date "2022.07.04"]
[Round "3.5"]
[White "Jansson, Borje"]
[Black "Westin, Ake"]
[Result "0-1"]
[ECO "A41"]
[WhiteElo "2230"]
[BlackElo "1994"]
[Annotator "TA"]
[PlyCount "77"]
[EventDate "2022.07.01"]
[EventType "tourn"]
[EventCountry "SWE"]
[SourceTitle "playchess.com"]
[Source "ChessBase"]
[SourceQuality "1"]
[TimeControl "40/5400+30:1800+30"]

1. Nf3 g6 2. d4 Bg7 3. c4 d6 4. Nc3 Bg4 5. e3 e6 6. Be2 {[%emt 0:00:16] A41: 1 d4 d6: Tartakower System and Modern Defence.} Ne7 7. O-O {[%emt 0:00:34] [#]} O-O $146 ({Predecessor:} 7... Nd7 8. Qb3 Rb8 9. Rd1 a6 10. e4 Bxf3 11. Bxf3 e5 12. d5 O-O 13. Be3 f5 {1-0 (36) Zeynalli,M (2027)-Novakovic,J (1812) Maribor 2012}) 8. Qc2 {[%emt 0:05:16] White is slightly better.} Nd7 9. Rd1 Rb8 10. b3 Nc6 11. Bb2 f5 12. a3 Qe7 13. d5 Bxf3 14. Bxf3 Nce5 15. Be2 c6 16. Rd2 Nf7 17. dxe6 Qxe6 18. Rad1 Nf6 19. b4 Rbd8 20. b5 Ne5 21. Qa4 Rf7 22. c5 (22. h3 $14) 22... d5 $11 23. Qxa7 Ne4 24. Nxe4 fxe4 25. Bxe5 (25. Qb6 $11 Re8 26. a4) 25... Bxe5 $15 26. Qa4 Rdf8 27. f4 Bg7 ({Better is} 27... exf3 $15 28. Bxf3 Bc7) 28. bxc6 bxc6 29. Rb1 {[%emt 0:01:24] Inhibits Rb8.} Rc8 30. h3 {[%emt 0:00:58] [#] Strongly threatening Bg4.} Qe7 31. Bg4 Rc7 32. Rb8+ Rf8 (32... Bf8 $5 ) 33. Rxf8+ (33. Qb3 {seems wilder.} h5 34. Be2 Qxc5 35. Rc2) 33... Bxf8 34. Rc2 h5 {[%emt 0:02:28][%mdl 1024] Black has compensation.} 35. Be2 Bg7 36. Rc1 g5 (36... Kh7 $15) 37. f5 {[%emt 0:05:29] [#]} (37. Bxh5 $14 {keeps the upper hand.} gxf4 38. exf4) 37... Qe5 ({Black should play} 37... g4 $1 $17 38. Kh1 (38. hxg4 $2 Qh4 $17) 38... Qg5) 38. Bxh5 $11 {[%emt 0:01:20] aiming for Qa8+.} Qg3 39. Qb3 {[%emt 0:00:00] Weighted Error Value: White=0.24 (precise) /Black=0.20 (precise)} (39. Rb1 $11 {keeps the balance.} Qxe3+ 40. Kh1) 0-1

[Event "Swedish Championship O65 2022"]
[Site "Uppsala"]
[Date "2022.07.05"]
[Round "4.1"]
[White "Dolata, Henryk"]
[Black "Soderberg, Per"]
[Result "1/2-1/2"]
[ECO "B22"]
[WhiteElo "2055"]
[BlackElo "2111"]
[Annotator "TA"]
[PlyCount "31"]
[EventDate "2022.07.01"]
[EventType "tourn"]
[EventCountry "SWE"]
[SourceTitle "playchess.com"]
[Source "ChessBase"]
[SourceQuality "1"]
[TimeControl "40/5400+30:1800+30"]

1. e4 c5 2. c3 Nf6 3. e5 Nd5 4. d4 cxd4 5. cxd4 e6 6. Nf3 d6 7. Bc4 Be7 8. Qe2 O-O 9. O-O Nc6 10. Qe4 {[%emt 0:10:10] 10.Rd1 gains popularity.} Ndb4 {[%emt 0:09:36] [#] Hoping for ...d5.} 11. exd6 {[%emt 0:09:06] B22: Sicilian: 2 c3.} Qxd6 12. Bf4 Qd8 13. Nc3 Na5 14. Bb5 {[%emt 0:05:52][%cal Bc4b5,Bb5a4,Ba4d7][%mdl 32] The position is equal.} a6 15. Ba4 {[%emt 0:06:58] [#]} Bd7 $146 ({Predecessor:} 15... f5 16. Qe2 b5 17. Bd1 Bf6 18. Be5 Nd5 19. Nxd5 Qxd5 20. Qe1 Nc4 21. Bxf6 gxf6 {0-1 (69) Toquero Gracia,P (2080)-Pera Muntasell,M (1849) Salobrena 2019}) 16. Bxd7 {[%emt 0:16:18] An interesting draw.  Weighted Error Value: White=0.09 (flawless) /Black=0.12 (very precise)} 1/2-1/2

[Event "Swedish Championship O65 2022"]
[Site "Uppsala"]
[Date "2022.07.05"]
[Round "4.2"]
[White "Westin, Ake"]
[Black "Gillefalk, Bjorn"]
[Result "0-1"]
[ECO "B23"]
[WhiteElo "1994"]
[BlackElo "2047"]
[Annotator "TA"]
[PlyCount "132"]
[EventDate "2022.07.01"]
[EventType "tourn"]
[EventCountry "SWE"]
[SourceTitle "playchess.com"]
[Source "ChessBase"]
[SourceQuality "1"]
[TimeControl "40/5400+30:1800+30"]

1. e4 c5 2. Nc3 e6 3. g3 d5 4. Bg2 dxe4 5. Nxe4 Be7 6. Ne2 {[%emt 0:07:05] B23: Closed Sicilian: Lines without g3.} Nf6 7. d4 Nxe4 8. Bxe4 {[%emt 0:02:18] White has an edge.} cxd4 9. Qxd4 {[%emt 0:04:09] [#]} O-O $146 ({Predecessor:} 9... Qxd4 10. Nxd4 O-O 11. Be3 Na6 12. O-O-O Nc5 13. Bg2 Bd7 14. Nb3 Nxb3+ 15. axb3 Bc6 16. Bxc6 bxc6 {1-0 (35) Onischuk,V (2622)-Daggupati,B (2429) Chess.com INT 2021}) 10. Qxd8 (10. O-O {is interesting.} Nc6 11. Qxd8 Rxd8 12. Be3) 10... Rxd8 11. Be3 Nc6 12. O-O e5 13. Nc3 Be6 14. Rfd1 f5 15. Bd5 Kf7 16. Bxe6+ (16. Bxc6 $11 bxc6 17. Rxd8 Bxd8 18. Rd1) 16... Kxe6 $15 17. a3 g5 18. f3 h5 {[%emt 0:07:28] Against g4} 19. Nb5 Rxd1+ 20. Rxd1 Rc8 {[%emt 0:00:12] Against Nc7+} 21. Rd2 a6 22. Nc3 Na5 $1 23. Rd3 Nc4 24. Bc1 g4 25. Kf1 gxf3 26. Rxf3 e4 27. Rf2 Bf6 28. Ne2 {[%emt 0:01:16] Inhibits Bd4.} Bxb2 {[%emt 0:06:34] Black is more active.} 29. Bxb2 Nxb2 $17 {[%emt 0:00:03][%mdl 4096] Endgame KRN-KRN} 30. Nd4+ (30. Nf4+ $17 Ke5 31. Rd2) 30... Ke5 $19 31. Nxf5 Nd1 32. Ne7 {[%emt 0:01:59] [#]} (32. Rd2 {was the only defense.}) 32... Rxc2 $3 33. Ng6+ (33. Re2 Rc3) 33... Kd4 34. Rxc2 (34. Rf7 $142 Ne3+ 35. Ke1) 34... Ne3+ 35. Ke2 {[%emt 0:00:12] Hoping for Rd2+.} Nxc2 {[%emt 0:00:05] KN-KN} 36. a4 Ne3 $2 (36... b5 37. axb5 axb5) 37. Nf4 Ng4 $1 {[%emt 0:04:15] Strongly threatening ...b5.} 38. h3 $2 (38. Nxh5 $17 Nxh2 39. a5) 38... Nf6 39. a5 Kc4 40. Ne6 Kb4 41. Nd8 Kxa5 42. Nxb7+ Kb6 43. Nd6 Kc5 44. Nb7+ Kd4 45. Na5 Nd5 {[%emt 0:00:00] ...Nc3+ is the strong threat.} 46. Nb3+ Ke5 47. Nd2 $2 (47. Kd2) 47... Ne7 48. Nb3 Nf5 $2 ({Black should play} 48... Kd5 $19 49. Kf2 Kd6) 49. g4 $15 Ng3+ 50. Kf2 $2 (50. Ke3 $11 {and White stays safe.}) 50... h4 $2 (50... Kf4 $19 51. gxh5 e3+ 52. Ke1 Nxh5) 51. Ke3 $1 $11 Nf1+ 52. Kf2 $1 Nh2 53. Ke3 (53. Nd2 $11) 53... Nf3 54. Nc5 Ng5 {[%emt 0:00:00] aiming for ...a5.} 55. Nxa6 Nxh3 {[%emt 0:00:00] And now ...Ng5 would win.} 56. Nc5 Ng5 57. Nd7+ Kd6 58. Nf6 h3 {[%emt 0:00:00] ( -> ...h2)} 59. Nh5 Ke5 {[%emt 0:00:00] Threatens to win with ...Nh7.} 60. Ng3 {[%emt 0:03:13] [#]} Ke6 $2 ({Black should try} 60... Kd5 $1 $19 61. Nf1 Nf3) 61. Kf4 Kf6 (61... h2 {seems wilder.} 62. Ke3 Ke5 63. Kf2 Kf4) 62. Nh5+ Ke6 63. Ng7+ $2 (63. Ng3 $11) 63... Kd5 {[%emt 0:00:55] Black mates.} 64. Nf5 h2 65. Ng3 {[%emt 0:00:11] [#]} Kd4 $1 66. Nh1 {[%emt 0:00:44] [#]} (66. Kxg5 e3) 66... e3 $1 {[%emt 0:00:50] Weighted Error Value: White=0.64/Black=0.50} 0-1